[Event "January 2 Early 2024"]
[Site "https://www.chess.com"]
[Date "2024.01.02"]
[Round "11"]
[White "Gottstein, Claudius-Thomas"]
[Black "Larina, Maria"]
[Result "0-1"]
[Board "141"]
[TimeControl "180+1"]
[WhiteFideId "4653327"]
[BlackFideId "24113182"]
[WhiteElo "2204"]
[BlackElo "2301"]
[WhiteTeam "GER"]
[BlackTeam "FID"]
[WhiteClock "0:00:00"]
[BlackClock "0:00:31"]

1. Nf3 f5 2. g3 Nf6 3. Bg2 g6 4. O-O Bg7 5. d3 O-O 6. c3 d6 7. Nbd2 e5 8. e4 Nc6 9. Ng5 Qe7 10. f4 h6 11. Qb3+ Kh8 12. Ngf3 Nh5 13. Nh4 Kh7 14. exf5 gxf5 15. fxe5 dxe5 16. Nc4 e4 17. dxe4 fxe4 18. Be3 a5 19. Rxf8 Bxf8 20. Qb5 Nf6 21. Nf5 Qe6 22. Rf1 Ng4 23. Nd4 Nxd4 24. Bxd4 Bd7 25. Bxe4+ Qxe4 26. Qxd7+ Be7 27. Rf7+ Kg6 28. Rg7+ Kh5 29. Qxe7 Qb1+ 30. Kg2 Qc2+ 31. Kf3 Nxh2+ 32. Ke3 Qc1+ 33. Kd3 Qf1+ 34. Kc2 Qg2+ 35. Kb3 a4+ 36. Kb4 Qd5 37. Rg5+ hxg5 38. Qe5 c5+ 39. Bxc5 Qd7 40. Qe2+ Ng4 41. Ne5 Qf5 42. Nxg4 Qxg4+ 43. Qxg4+ Kxg4 44. Bd6 Kf5 45. c4 Ke6 46. c5 Kd5 47. Kb5 g4 48. Kb6 a3 49. bxa3 Rxa3 50. Kxb7 Rxa2 51. Kc7 Rb2 52. Kd7 Rc2 53. Ke7 Rc4 54. Kf6 Ke4 55. Kg5 Kf3 56. Kf5 Rc2 57. Ke6 Ke4 58. Kd7 Kd5 59. Ke7 Rc4 60. Kf6 Rc2 61. Kf5 Kc6 62. Kxg4 Kd7 63. Kf5 Rc4 64. g4 Rc2 65. g5 Rf2+ 66. Kg6 Ke6 67. Kh6 Rf1 68. g6 Rh1+ 69. Kg7 Rg1 70. Bf8 Rg2 71. Bd6 Kf5 72. Bf8 Rxg6+ 73. Kf7 Rc6 74. Ke8 Ke4 75. Bd6 Kd5 76. Kd7 Ra6 77. Kc7 Rc6+ 78. Kd7 Ra6 79. Kc7 Ra4 80. Kd7 Rc4 81. Kc7 Ke4 82. Kd7 Kd3 83. Kc6 Kc2 84. Be7 Kb3 85. Bd6 Ka4 86. Be7 Ka5 87. Bd6 Ka6 88. Be7 Ka7 89. Bd6 Ka6 90. Kd5 Rg4 91. Kc6 Rg8 92. Kc7 Ka7 93. Kc6 Rc8+ 94. Kd7 Kb7 95. c6+ Rxc6 96. Be7 Rc7+ 97. Kd6 Rc4 98. Kd7 Rc2 99. Bd6 Rd2 100. Ke6 Kc6 101. Be7 Re2+ 102. Kf7 Kd7 103. Bb4 Rf2+ 104. Kg6 Ke6 105. Kg5 Rg2+ 106. Kf4 Kd5 107. Kf3 Rg6 108. Kf2 Ke4 109. Bc5 Kd3 110. Kf3 Rg5 111. Bb6 Rf5+ 112. Kg2 Ke4 113. Bc7 Rf3 114. Kg1 Kd3 115. Kg2 Ke2 116. Kg1 Rf5 117. Kg2 Rg5+ 118. Kh1 Kf3 119. Bd6 Rg4 120. Bc7 Kf2 121. Bd6 Rh4+ 122. Bh2 Kf3 123. Kg1 Rh3 124. Bd6 Rh6 125. Bc7 Rc6 126. Be5 Rc2 127. Kh1 Re2 128. Bd4 Kg3 129. Bc5 Re1+ 130. Bg1 Kf3 131. Kh2 Re2+ 132. Kh1 Rg2 133. Bb6 Rg4 134. Ba7 Rg7 135. Bb8 Rh7+ 136. Bh2 Rg7 137. Bd6 Kf2 138. Bh2 Rg6 139. Be5 Rg1+ 140. Kh2 Rg2+ 141. Kh1 Rg6 142. Bd4+ Kf3 143. Be5 Rh6+ 0-1

[Event "January 2 Early 2024"]
[Site "https://www.chess.com"]
[Date "2024.01.02"]
[Round "11"]
[White "Tagliati, Eleonore"]
[Black "Limontaite, Simona"]
[Result "0-1"]
[Board "142"]
[TimeControl "180+1"]
[WhiteFideId "45172234"]
[BlackFideId "12802506"]
[WhiteElo "2187"]
[BlackElo "2290"]
[WhiteTeam "FRA"]
[BlackTeam "LTU"]
[WhiteClock "0:00:21"]
[BlackClock "0:00:12"]

1. e4 c5 2. Nf3 Nc6 3. Bb5 g6 4. Bxc6 dxc6 5. d3 Bg7 6. h3 e5 7. O-O Qe7 8. a4 Nf6 9. a5 Qc7 10. Nbd2 Be6 11. b3 Nd7 12. Nc4 O-O 13. Be3 b5 14. Ncd2 a6 15. Ng5 Qd6 16. Nxe6 Qxe6 17. f3 f5 18. Qe2 h5 19. Rae1 f4 20. Bf2 g5 21. c3 Rf7 22. Rd1 Qg6 23. Nb1 Nf8 24. Bxc5 Ne6 25. Bf2 g4 26. fxg4 hxg4 27. Qxg4 Qxg4 28. hxg4 c5 29. b4 Bf8 30. bxc5 Bxc5 31. d4 exd4 32. cxd4 Bb4 33. d5 Ng5 34. e5 Bxa5 35. e6 Rf6 36. Bd4 Rff8 37. Rd3 Bb4 38. Nd2 Bd6 39. Nf3 Ne4 40. Be5 b4 41. Bxd6 Nxd6 42. Ne5 a5 43. e7 Rfe8 44. Nc6 a4 45. Rxf4 b3 46. Rf6 b2 47. Rd1 a3 48. Nb4 a2 49. Nxa2 Rxa2 50. Rxd6 Ra1 51. Rd8 Kf7 52. Kh2 Rxd1 0-1

[Event "January 2 Early 2024"]
[Site "https://www.chess.com"]
[Date "2024.01.02"]
[Round "11"]
[White "Gaboyan, Susanna"]
[Black "Skaric, Djuro"]
[Result "0-1"]
[Board "143"]
[TimeControl "180+1"]
[WhiteFideId "13303627"]
[BlackFideId "934569"]
[WhiteElo "2310"]
[BlackElo "2285"]
[WhiteTeam "ARM"]
[BlackTeam "SRB"]
[WhiteClock "0:01:37"]
[BlackClock "0:02:09"]

1. Nf3 d6 2. g3 g6 3. d3 Bg7 4. Bg2 Nf6 5. O-O O-O 6. Nbd2 Nc6 7. e4 h6 8. Nc4 e5 9. a4 Nd7 10. Ne1 f5 11. exf5 gxf5 12. f4 Nb6 13. fxe5 Nxc4 14. dxc4 dxe5 15. Nd3 Be6 16. b3 e4 17. Nf4 Bxc4 18. bxc4 Qxd1 19. Rxd1 Bxa1 20. Ba3 Bd4+ 21. Kh1 Rf7 22. Ne6 Be5 23. Rd5 Re8 0-1

[Event "January 2 Early 2024"]
[Site "https://www.chess.com"]
[Date "2024.01.02"]
[Round "11"]
[White "Alonso Garcia, Rene Marcial"]
[Black "Brandao, Marcius Gomes"]
[Result "1-0"]
[Board "144"]
[TimeControl "180+1"]
[WhiteFideId "3500276"]
[BlackFideId "2124980"]
[WhiteElo "2264"]
[BlackElo "2082"]
[WhiteTeam "FID"]
[BlackTeam "BRA"]
[WhiteClock "0:00:38"]
[BlackClock "0:00:00"]

1. d4 d5 2. c4 e6 3. Nf3 a6 4. e3 dxc4 5. Bxc4 b5 6. Bb3 Bb7 7. O-O Nf6 8. Nc3 Nbd7 9. Qe2 c5 10. Rd1 Qb6 11. a4 c4 12. Bc2 b4 13. a5 Qc7 14. Na4 Rc8 15. Bd2 Be7 16. Be1 O-O 17. e4 Rfd8 18. e5 Nd5 19. Qe4 Nf8 20. Qg4 Qxa5 21. Nc5 Qb6 22. Nxb7 Qxb7 23. Be4 Qb6 24. h4 a5 25. h5 h6 26. Bd2 Kh8 27. Nh2 c3 28. bxc3 bxc3 29. Bc1 c2 30. Rd3 Qb1 31. Rg3 Bg5 32. Rxb1 cxb1=Q 33. Bxb1 Rxc1+ 34. Nf1 Rxb1 35. f4 Nxf4 36. Kh2 Ne2 37. Qxe2 Rxd4 38. Rf3 Rh4+ 39. Kg3 1-0

[Event "January 2 Early 2024"]
[Site "https://www.chess.com"]
[Date "2024.01.02"]
[Round "11"]
[White "Borda Rodas, Anapaola S."]
[Black "Tilahun , Abel Mathewos"]
[Result "1-0"]
[Board "145"]
[TimeControl "180+1"]
[WhiteFideId "152781"]
[BlackFideId "15702391"]
[WhiteElo "2263"]
[BlackElo "2073"]
[WhiteTeam "ARG"]
[BlackTeam "ETH"]
[WhiteClock "0:01:40"]
[BlackClock "0:00:00"]

1. e4 e6 2. d4 d5 3. Nc3 dxe4 4. Nxe4 Nd7 5. Nf3 Ngf6 6. Nxf6+ Nxf6 7. Be3 Be7 8. Bc4 O-O 9. O-O b6 10. Qe2 Bb7 11. a4 c5 12. Rfd1 Qc7 13. c3 Bxf3 14. Qxf3 cxd4 15. Rxd4 Rad8 16. Rad1 Rxd4 17. Rxd4 Bc5 18. Rh4 Bxe3 19. Qxe3 Rd8 20. Rd4 h6 21. Qd2 Rd7 22. Bb5 Rxd4 23. Qxd4 e5 24. Qd3 Qe7 25. h3 e4 26. Qd4 g6 27. b4 Nh5 28. Bc6 Nf6 29. a5 bxa5 30. bxa5 Qa3 31. Qxf6 Qc1+ 32. Kh2 e3 33. fxe3 Qxe3 34. Bd5 Qe8 35. Qd6 Kg7 36. c4 h5 37. c5 h4 38. c6 Qe1 39. c7 Qc1 40. Bb7 g5 41. c8=Q Qf4+ 42. Qxf4 1-0

[Event "January 2 Early 2024"]
[Site "https://www.chess.com"]
[Date "2024.01.02"]
[Round "11"]
[White "Sava, Christiansen-Danut-Eugen"]
[Black "Winkels, Marcel"]
[Result "1-0"]
[Board "146"]
[TimeControl "180+1"]
[WhiteFideId "1210114"]
[BlackFideId "1003887"]
[WhiteElo "2226"]
[BlackElo "2019"]
[WhiteTeam "ROU"]
[BlackTeam "NED"]
[WhiteClock "0:01:25"]
[BlackClock "0:00:00"]

1. d4 Nf6 2. c4 g6 3. f3 Bg7 4. e4 c5 5. Nc3 d6 6. d5 O-O 7. Bd3 e6 8. Nge2 exd5 9. cxd5 h5 10. Bg5 a6 11. a4 Nbd7 12. O-O Ne5 13. Qd2 Re8 14. Rad1 Bd7 15. Bh6 Nxd3 16. Bxg7 Kxg7 17. Qxd3 b5 18. axb5 axb5 19. Nc1 b4 20. N3e2 Qb6 21. Kh1 Bb5 22. Qd2 Rac8 23. Rfe1 Ba6 24. Ng3 Nh7 25. f4 c4 26. e5 c3 27. bxc3 bxc3 28. Qc2 Qb2 29. Qe4 Rc4 30. Qf3 c2 31. Rd2 Rd4 32. Rf2 Bc4 33. f5 Bxd5 34. f6+ Kg8 35. Qe3 Kh8 36. Qh6 Rg8 37. Nce2 Rd1 38. Rff1 Rxe1 39. Rxe1 Qb4 40. Qc1 Bb3 41. Ng1 dxe5 42. Ne4 Rd8 43. Nf3 Rd1 44. Qe3 Rxe1+ 45. Nxe1 Bd5 46. Nf2 1-0

[Event "January 2 Early 2024"]
[Site "https://www.chess.com"]
[Date "2024.01.02"]
[Round "11"]
[White "Khegay, Yuliya"]
[Black "Diaz Herquinio, Brahian"]
[Result "1-0"]
[Board "149"]
[TimeControl "180+1"]
[WhiteFideId "14205394"]
[BlackFideId "3809480"]
[WhiteElo "2124"]
[BlackElo "2388"]
[WhiteTeam "UZB"]
[BlackTeam "PER"]
[WhiteClock "0:00:07"]
[BlackClock "0:01:07"]

1. e4 c5 2. Nf3 d6 3. Bb5+ Nd7 4. d4 cxd4 5. Qxd4 a6 6. Bxd7+ Bxd7 7. O-O e5 8. Qe3 Nf6 9. c4 b5 10. cxb5 axb5 11. Rd1 Be7 12. Nc3 Qb8 13. Qd3 O-O 14. Bg5 b4 15. Bxf6 Bxf6 16. Nd5 Bd8 17. a3 bxa3 18. Rxa3 Rxa3 19. bxa3 f5 20. Rb1 Qa7 21. Ne3 fxe4 22. Qxe4 Bb6 23. Qd5+ Kh8 24. Rb3 Bc5 25. h3 Bxh3 26. gxh3 Rxf3 27. Qxf3 h6 28. Rb7 Qa8 29. Qf7 Qg8 30. Qxg8+ Kxg8 31. a4 1-0

[Event "January 2 Early 2024"]
[Site "https://www.chess.com"]
[Date "2024.01.02"]
[Round "11"]
[White "Mesa Cruz, Juan Carlos"]
[Black "Subramanian, Anusha"]
[Result "1-0"]
[Board "150"]
[TimeControl "180+1"]
[WhiteFideId "6423400"]
[BlackFideId "477710"]
[WhiteElo "2283"]
[BlackElo "2113"]
[WhiteTeam "DOM"]
[BlackTeam "ENG"]
[WhiteClock "0:00:06"]
[BlackClock "0:00:00"]

1. e4 e6 2. Qe2 Be7 3. Nf3 d5 4. d3 c5 5. g3 Nc6 6. Bg2 Nf6 7. O-O O-O 8. Re1 Re8 9. Nbd2 a5 10. a4 d4 11. h4 Nb4 12. Nc4 Bd7 13. Nfe5 Nc6 14. h5 h6 15. f4 Nxe5 16. Nxe5 Rc8 17. Bd2 Bd6 18. Nc4 Bc7 19. Rf1 b5 20. axb5 Bxb5 21. Nxa5 Qd7 22. b3 e5 23. f5 Bd8 24. g4 Nh7 25. Nc4 Bg5 26. Bxg5 Nxg5 27. Nb6 Qc7 28. Nxc8 Qxc8 29. f6 Bd7 30. fxg7 Bxg4 31. Qf2 Bh3 32. Ra7 Bxg2 33. Qxg2 Nh3+ 34. Kh2 Nf4 35. Qg3 Qe6 36. Rxf4 exf4 37. Qxf4 Kxg7 38. Rc7 Qe5 39. Kg3 Qxf4+ 40. Kxf4 Re6 41. Rxc5 Rf6+ 42. Rf5 Rc6 43. Ke5 Rxc2 44. Kxd4 Rb2 45. Kc3 Rb1 46. b4 Rc1+ 47. Kb2 Rd1 48. Kc2 Rh1 49. b5 Ra1 50. b6 1-0

[Event "January 2 Early 2024"]
[Site "https://www.chess.com"]
[Date "2024.01.02"]
[Round "11"]
[White "Gutierrez Carmona, Juan Alejandro"]
[Black "Crocker, Philip J"]
[Result "0-1"]
[Board "151"]
[TimeControl "180+1"]
[WhiteFideId "5106770"]
[BlackFideId "403180"]
[WhiteElo "2195"]
[BlackElo "2091"]
[WhiteTeam "MEX"]
[BlackTeam "ENG"]
[WhiteClock "0:00:00"]
[BlackClock "0:00:36"]

1. e4 Nf6 2. e5 Nd5 3. d4 d6 4. c4 Nb6 5. exd6 cxd6 6. Be3 g6 7. Nc3 Bg7 8. Rc1 Bf5 9. Nf3 O-O 10. Be2 Bg4 11. b3 d5 12. c5 Nc8 13. h3 Bxf3 14. Bxf3 e6 15. O-O Nc6 16. Re1 N8e7 17. Qd2 Nf5 18. Ne2 Nxe3 19. Qxe3 Qh4 20. Red1 Bh6 21. Qc3 Bxc1 22. Nxc1 Rad8 23. b4 a6 24. a4 Ne7 25. b5 axb5 26. axb5 Nf5 27. Nb3 Qf4 28. Na5 Qc7 29. b6 Qd7 30. Qb4 Ra8 31. Be2 Ne7 32. Bb5 Nc6 33. Bxc6 bxc6 34. b7 Rxa5 35. Qxa5 Qxb7 36. Ra1 Rb8 37. g3 Kg7 38. Kg2 Qb5 39. Qxb5 cxb5 40. Rb1 Kf8 41. Kf3 Ke7 42. Ke3 Kd7 43. Kd3 Kc6 44. Ra1 Rb7 45. Kc3 b4+ 46. Kb3 Kb5 47. Ra4 Kc6 48. Rxb4 Rxb4+ 49. Kxb4 f6 50. f4 h6 51. h4 h5 52. Kc3 e5 0-1

[Event "January 2 Early 2024"]
[Site "https://www.chess.com"]
[Date "2024.01.02"]
[Round "11"]
[White "Smirnov, Timofey"]
[Black "Mende, Andreas"]
[Result "0-1"]
[Board "152"]
[TimeControl "180+1"]
[WhiteFideId "24176427"]
[BlackFideId "4631102"]
[WhiteElo "1992"]
[BlackElo "2147"]
[WhiteTeam "RUS"]
[BlackTeam "GER"]
[WhiteClock "0:01:15"]
[BlackClock "0:01:43"]

1. d4 Nf6 2. Bf4 g6 3. Nc3 d5 4. e3 Bg7 5. h4 h5 6. Nf3 c6 7. Be2 b5 8. a3 a5 9. Ne5 Nfd7 10. Nxd7 Nxd7 11. g4 hxg4 12. Bxg4 Nf6 13. Be5 Bxg4 14. f3 Bh5 15. Qe2 Qd7 16. O-O-O b4 17. axb4 axb4 18. Nb1 O-O 19. Qg2 Ra1 20. Rdg1 Qa7 21. f4 Qa2 22. Kd2 0-1

[Event "January 2 Early 2024"]
[Site "https://www.chess.com"]
[Date "2024.01.02"]
[Round "11"]
[White "Jing, Andrew"]
[Black "Gulamirian, Korun"]
[Result "0-1"]
[Board "153"]
[TimeControl "180+1"]
[WhiteFideId "30984076"]
[BlackFideId "4144899"]
[WhiteElo "2139"]
[BlackElo "1587"]
[WhiteTeam "USA"]
[BlackTeam "RUS"]
[WhiteClock "0:00:43"]
[BlackClock "0:00:28"]

1. e4 e5 2. Nf3 Nc6 3. Bc4 Nf6 4. d3 Bc5 5. O-O h6 6. c3 d6 7. d4 exd4 8. cxd4 Bb6 9. Nc3 O-O 10. Be3 Bg4 11. Be2 d5 12. e5 Ne4 13. h3 Nxc3 14. bxc3 Be6 15. Bd3 f5 16. exf6 Qxf6 17. Qe2 Bf5 18. Bxf5 Qxf5 19. Rae1 Rae8 20. Qd2 Na5 21. Qc1 Nc4 22. Nd2 Qd3 23. Nxc4 Qxc4 24. Bxh6 Rxe1 25. Rxe1 Qxa2 26. Be3 Qc4 27. Qd2 c5 28. dxc5 Bxc5 29. Bxc5 Qxc5 30. Qd4 Qxd4 31. cxd4 Rf7 32. Re8+ Kh7 33. Rd8 Kg6 34. Rxd5 Kf6 35. Rd8 Ke6 36. d5+ Ke5 37. g3 a5 38. f4+ Kd4 39. d6 Kc5 40. d7 Kc6 41. Ra8 Kxd7 42. Rxa5 Kc6 43. Kg2 b5 44. Ra8 b4 45. Ra1 Kc5 46. Kf3 Kd4 47. g4 b3 48. Ra4+ Kc3 49. Ra1 b2 50. Rh1 Rb7 51. f5 b1=Q 52. Rxb1 Rxb1 53. Kf4 Kd4 54. Kg5 Ke5 55. h4 Rb6 56. h5 Rf6 57. Kh4 Kf4 58. Kh3 Kg5 59. Kg3 Ra6 0-1

[Event "January 2 Early 2024"]
[Site "https://www.chess.com"]
[Date "2024.01.02"]
[Round "11"]
[White "Cornelison, Paul"]
[Black "Montano Vicente, Guadalupe"]
[Result "1/2-1/2"]
[Board "154"]
[TimeControl "180+1"]
[WhiteFideId "2004186"]
[BlackFideId "5181399"]
[WhiteElo "1963"]
[BlackElo "2151"]
[WhiteTeam "USA"]
[BlackTeam "MEX"]
[WhiteClock "0:00:30"]
[BlackClock "0:00:16"]

1. e4 c5 2. Nf3 d6 3. d4 cxd4 4. c3 dxc3 5. Nxc3 Nf6 6. Bc4 e6 7. Bb3 Nc6 8. O-O Be7 9. Bg5 O-O 10. Qe2 h6 11. Bf4 a6 12. Rfd1 Ne8 13. Rac1 Qa5 14. e5 dxe5 15. Bxe5 Nxe5 16. Nxe5 Nf6 17. h3 Qb4 18. Nd3 Qh4 19. Kh2 b5 20. g3 Qh5 21. Nf4 Qxe2 22. Ncxe2 e5 23. Ng6 Re8 24. Nxe5 Be6 25. Bxe6 fxe6 26. Rc7 Rac8 27. Rdc1 Rxc7 28. Rxc7 Bd6 29. Ra7 Bxe5 30. Rxa6 Bxb2 31. Nf4 e5 32. Ng6 Bd4 33. Ra3 Bxf2 34. Rf3 Bd4 35. g4 e4 36. Rf5 e3 37. Nf4 e2 38. Nxe2 Rxe2+ 39. Kg3 Be5+ 40. Kf3 Re1 41. h4 Re4 42. g5 hxg5 43. hxg5 Rf4+ 44. Rxf4 Bxf4 45. gxf6 Be5 46. fxg7 Kxg7 47. Ke4 Bc3 48. Kd5 b4 49. Kc4 Kf6 50. a3 bxa3 51. Kxc3 Ke5 52. Kb3 a2 53. Kxa2 1/2-1/2

[Event "January 2 Early 2024"]
[Site "https://www.chess.com"]
[Date "2024.01.02"]
[Round "11"]
[White "Todorovic, Bojan"]
[Black "Murthy, Pappu"]
[Result "0-1"]
[Board "156"]
[TimeControl "180+1"]
[WhiteFideId "917087"]
[BlackFideId "2013401"]
[WhiteElo "2357"]
[BlackElo "1976"]
[WhiteTeam "SRB"]
[BlackTeam "USA"]
[WhiteClock "0:00:00"]
[BlackClock "0:00:11"]

1. Nf3 Nf6 2. c4 e6 3. g3 d5 4. Bg2 Be7 5. O-O O-O 6. d4 c6 7. Nc3 Nbd7 8. Qd3 b6 9. e4 Ba6 10. b3 Rc8 11. Re1 Bb4 12. Nd2 dxc4 13. Nxc4 Nc5 14. Qd2 Ncd7 15. a3 Bxc3 16. Qxc3 Re8 17. Bb2 c5 18. Nd6 cxd4 19. Qxd4 e5 20. Qb4 Rc2 21. Nxe8 Rxb2 22. Qc3 Re2 23. Rxe2 Bxe2 24. Nxf6+ Nxf6 25. Qe3 Bb5 26. Rc1 h6 27. Bh3 Kh7 28. Bf5+ g6 29. Bh3 Qd6 30. b4 Bc6 31. Bg2 Bb7 32. Qe2 Kg7 33. Rd1 Qc6 34. Qd3 Qc7 35. Qd6 Qc2 36. Rf1 Qb2 37. Qc7 Ba6 38. Qxa7 Bxf1 39. Bxf1 Qc1 40. Qxb6 Ng4 0-1

[Event "January 2 Early 2024"]
[Site "https://www.chess.com"]
[Date "2024.01.02"]
[Round "11"]
[White "Zepeda Berlanga, Jan Enrique"]
[Black "Floresvillar Gonzalez, Luis Migu"]
[Result "1-0"]
[Board "157"]
[TimeControl "180+1"]
[WhiteFideId "5132355"]
[BlackFideId "5100542"]
[WhiteElo "1957"]
[BlackElo "2160"]
[WhiteTeam "MEX"]
[BlackTeam "MEX"]
[WhiteClock "0:00:04"]
[BlackClock "0:00:00"]

1. e4 c6 2. Nc3 d5 3. exd5 cxd5 4. d4 Nf6 5. Bd3 Bg4 6. f3 Bh5 7. Nge2 Bg6 8. O-O Bxd3 9. Qxd3 Nc6 10. Bg5 e6 11. Na4 h6 12. Bh4 Qc7 13. c4 dxc4 14. Qxc4 Bd6 15. Rfe1 Bxh2+ 16. Kh1 g5 17. Bf2 Bd6 18. Nec3 O-O 19. Nb5 Qb8 20. Nc5 Bxc5 21. Qxc5 Nd5 22. Nc3 Nce7 23. Be3 Nxc3 24. Qxe7 Nd5 25. Qa3 Nxe3 26. Qxe3 Qf4 27. Qc3 Rac8 28. Qb4 b6 29. Rad1 Rfd8 30. a4 Qf5 31. Qb3 Rd5 32. Qe3 Rcd8 33. Rd2 Qf6 34. Red1 Kg7 35. b4 a5 36. b5 R8d7 37. Kg1 Kg6 38. Kf2 Qf4 39. Qd3+ Qf5 40. Qc4 R5d6 41. Qc3 Qd5 42. Qe3 Qf5 43. Qb3 Rd5 44. Qe3 h5 45. Qb3 h4 46. Qe3 Qf6 47. Qe4+ Qf5 48. Qe3 R7d6 49. g4 hxg3+ 50. Kxg3 Rd8 51. Qe4 Rh8 52. Qg4 Qxg4+ 53. Kxg4 Rh4+ 54. Kg3 f5 55. Re1 Kf6 56. Red1 1-0

[Event "January 2 Early 2024"]
[Site "https://www.chess.com"]
[Date "2024.01.02"]
[Round "11"]
[White "Petersson, Kjell"]
[Black "Muzzi, Eduardo"]
[Result "0-1"]
[Board "158"]
[TimeControl "180+1"]
[WhiteFideId "1705148"]
[BlackFideId "3001253"]
[WhiteElo "2133"]
[BlackElo "1911"]
[WhiteTeam "SWE"]
[BlackTeam "URU"]
[WhiteClock "0:00:05"]
[BlackClock "0:00:18"]

1. d4 f5 2. e4 fxe4 3. Nc3 Nf6 4. Bg5 g6 5. h4 Bg7 6. Bxf6 Bxf6 7. Nxe4 Bg7 8. h5 d5 9. Nc3 Bf5 10. g4 Be6 11. hxg6 h6 12. Nh3 Qd7 13. Be2 O-O 14. f3 Nc6 15. Qd2 Nxd4 16. O-O-O Nxe2+ 17. Qxe2 d4 18. Ne4 Bxa2 19. g5 h5 20. Nhf2 Qa4 21. Nc5 Qa5 22. Nb3 Bxb3 23. cxb3 Qxg5+ 24. Kb1 Qf5+ 25. Ne4 Qxf3 26. Qe1 e5 27. Rf1 Qxf1 28. Qxf1 Rxf1 29. Rxf1 Rf8 30. Rh1 Rf4 31. Nc5 e4 32. Rxh5 d3 33. Ne6 Rf2 34. Kc1 Rxb2 35. Rh1 d2+ 36. Kd1 Rb1+ 37. Kxd2 Rxh1 38. Ke3 Rh3+ 39. Kxe4 Rxb3 40. Nxc7 a5 41. Kd5 a4 42. Kc4 Rc3+ 43. Kb4 Rxc7 0-1

[Event "January 2 Early 2024"]
[Site "https://www.chess.com"]
[Date "2024.01.02"]
[Round "11"]
[White "Osiecki, Stanislaw"]
[Black "Vargas, Mauricio"]
[Result "1-0"]
[Board "159"]
[TimeControl "180+1"]
[WhiteFideId "1102990"]
[BlackFideId "4404572"]
[WhiteElo "2079"]
[BlackElo "1842"]
[WhiteTeam "POL"]
[BlackTeam "COL"]
[WhiteClock "0:01:01"]
[BlackClock "0:00:00"]

1. e4 c5 2. c3 d6 3. d4 cxd4 4. cxd4 g6 5. Bc4 Bg7 6. Nf3 Nf6 7. Nc3 O-O 8. h3 Nc6 9. Qe2 Bd7 10. e5 dxe5 11. dxe5 Ne8 12. e6 fxe6 13. Bxe6+ Kh8 14. Ng5 Nd6 15. Bxd7 Qxd7 16. Ne6 Rf6 17. Nxg7 Kxg7 18. Be3 Re6 19. O-O Kg8 20. Nd5 Nd4 21. Qg4 Nc2 22. Nf4 Nxe3 23. fxe3 Nf5 24. Nxe6 Qxe6 25. Rae1 Qxa2 26. Rf2 Rf8 27. e4 Ng7 28. Rxf8+ Kxf8 29. Qc8+ Kf7 30. Rf1+ Nf5 31. exf5 Qa6 32. fxg6+ Kxg6 33. Qg8+ Kh6 34. Qf8+ 1-0

[Event "January 2 Early 2024"]
[Site "https://www.chess.com"]
[Date "2024.01.02"]
[Round "11"]
[White "Thake, Conrad"]
[Black "Viana, Valeria"]
[Result "0-1"]
[Board "160"]
[TimeControl "180+1"]
[WhiteFideId "5602947"]
[BlackFideId "8407100"]
[WhiteElo "1881"]
[BlackElo "2078"]
[WhiteTeam "MLT"]
[BlackTeam "HON"]
[WhiteClock "0:00:00"]
[BlackClock "0:00:24"]

1. e4 c6 2. d4 d5 3. f3 e6 4. e5 c5 5. c3 Nc6 6. Bb5 Qb6 7. Bxc6+ bxc6 8. Qb3 Rb8 9. Ne2 cxd4 10. Qxb6 axb6 11. cxd4 Ba6 12. Nbc3 Ne7 13. Kf2 Nf5 14. Be3 Nxe3 15. Kxe3 Be7 16. a3 c5 17. Rac1 Kd7 18. Rhd1 Rhc8 19. f4 h5 20. f5 Bg5+ 21. Nf4 cxd4+ 22. Rxd4 Rc5 23. g3 Rbc8 24. h4 Bh6 25. Rcd1 Rc4 26. Nxd5 exd5 27. Rxd5+ Ke8 28. e6 fxe6 29. fxe6 Bb7 30. Rd7 Bc6 31. R7d6 Bxf4+ 32. gxf4 Re4+ 33. Kf2 Rxf4+ 34. Kg3 Rg4+ 35. Kh2 Rxh4+ 36. Kg3 Re4 37. Rf1 Ke7 38. Rfd1 Rxe6 39. R6d4 Rf8 40. Kh4 g6 41. Rg1 Rf2 42. Kg5 Rxb2 43. Kh6 Rg2 44. Rc1 Ra2 45. a4 Rxa4 0-1